 Dungeon Crawl Stone Soup version 0.28.0-47-ge53b351184 (webtiles) character file.

Game seed: 6899861301501373733

428 Bruhh the Digger (level 6, 0/32 HPs)
             Began as a Gargoyle Earth Elementalist on May 1, 2022.
             Slain by an orc wizard
             ... wielding a +0 dagger
              (1 damage)
             ... on level 5 of the Dungeon.
             The game lasted 00:08:48 (4563 turns).

Bruhh the Digger (Gargoyle Earth Elementalist)      Turns: 4563, Time: 00:08:49

Health: 0/32       AC:  7    Str: 11    XL:     6   Next: 98%
Magic:  12/13      EV: 11    Int: 16    God:
Gold:   226        SH:  0    Dex: 10    Spells: 10/14 levels left

rFire   . . .      SeeInvis .   m - +2 demon trident (drain)
rCold   . . .      Faith    .   (no shield)
rNeg    + . .      Spirit   .   b - +0 robe
rPois   ∞          Reflect  .   (no helmet)
rElec   +          Harm     .   (no cloak)
rCorr   .          Rampage  .   (no gloves)
Will    .....                   h - +0 pair of boots "Damnable Contraption" {rPois Stlth+}
Stlth   ++........              (no amulet)
HPRegen 0.10/turn               (no ring)
MPRegen 0.13/turn               (no ring)

@: confused, brilliant, on berserk cooldown, slowed, very slow
A: sickness immunity, AC +4, negative energy resistance 1, electricity
resistance, torment resistance 1, petrification resistance, dopey 1
a: no special abilities


You were on level 5 of the Dungeon.
You visited 1 branch of the dungeon, and saw 5 of its levels.

You collected 226 gold pieces.

Inventory:

Hand Weapons
 m - a +2 demon trident of draining (weapon)
Missiles
 c - 44 stones
 o - a throwing net
Armour
 b - a +0 robe (worn)
 d - a +0 buckler
 h - the +0 pair of boots "Damnable Contraption" (worn) {rPois Stlth+}
   (You found it on level 3 of the Dungeon)

   rPois:     It protects you from poison.
   Stlth:     It makes you more stealthy.
Jewellery
 j - an amulet of faith
Wands
 r - a wand of digging (3)
Scrolls
 e - a scroll of amnesia {unknown}
 f - 4 scrolls of identify {unknown}
 g - a scroll of fear {unknown}
 i - a scroll of teleportation {unknown}
 k - 3 scrolls of blinking {unknown}
 p - a scroll of enchant weapon {unknown}
 s - a scroll of torment {unknown}


   Skills:
 - Level 1.5 Dodging
 - Level 2.1 Stealth
 + Level 4.7 Spellcasting
 + Level 3.2 Conjurations
 - Level 0.7 Transmutations
 - Level 6.0 Earth Magic


You had 10 spell levels left.
You knew the following spells:

 Your Spells              Type           Power      Damage    Failure   Level
a - Sandblast             Erth           68%        2d15      1%          1
b - Stone Arrow           Conj/Erth      54%        3d10      7%          3

Your spell library contained the following spells:

 Spells                   Type           Power      Damage    Failure   Level
 Passwall                 Tmut/Erth      17%        N/A       6%          2
 Beastly Appendage        Tmut           18%        N/A       12%         1
 Wereblood                Tmut           9%         N/A       19%         2
 Petrify                  Tmut/Erth      21%        N/A       36%         4
 Spider Form              Tmut/Pois      7%         N/A       38%         3


Dungeon Overview and Level Annotations

Branches:
Dungeon (5/15)
 Temple: D:4-7

Altars:
Uskayaw
The Shining One

Shops:
D:3 :


Innate Abilities, Weirdness & Mutations

You are immune to sickness and miasma.
Your stone body is resilient. (AC +4)
You are immune to poison.
You resist negative energy. (rN+)
You are resistant to electric shocks. (rElec)
You are resistant to unholy torment.
You are immune to petrification.
You are dopey. (Int -2)


Message History

Something hits you but does no damage.
You closely miss something.
You hear some strange, mumbled words.
A puff of flame appears from out of thin air!
The puff of flame misses you.
You barely miss something.
You hear some strange, mumbled words.
Something tries to affect you, but you resist.
You hit something. You miss something.
You hear some strange, mumbled words.
Something tries to affect you, but you resist.
You miss something. Something hits you.
* * * LOW HITPOINT WARNING * * *
You closely miss something. Something hits you.
* * * LOW HITPOINT WARNING * * *
You closely miss something. Something hits you.
* * * LOW HITPOINT WARNING * * *
You closely miss something. Something hits you but does no damage.
You puncture something! Your punch misses something.
Something hits you but does no damage.
You miss something.
You hear some strange, mumbled words.
You are confused.
You're too confused to move!
An orc wizard appears from thin air!
Reactivating autopickup.
You miss the orc wizard.
The orc wizard is almost dead.
The orc wizard gestures at you while chanting.
You are more confused.
The orc wizard mumbles some strange words.
The orc wizard flickers and vanishes!
Deactivating autopickup; reactivate with Ctrl-A.
You feel a strong urge to attack something.
You are no longer berserk.
You are exhausted.
You feel yourself slow down. Something barely misses you.
You're too confused to move!
Something hits you.
You die...

# #.# #..## ##.......## ##
#.# ##.## ##.......## .#
##.# ##..# ##..##....#
.###..####...###..###.....#
.......##.....#...##........
..............#..))...##....
..............##......# ....
..............##.)....##...#
................@.........
#######...##....)..........
##..###....####...##.#
##..###....# ..## #.# #
#..>........ .# #.# #
##.......#### # #.###
##.....### #..# ##...†.##
#... ##...†..# ##### ##..#


There were no monsters in sight!

Vanquished Creatures
  A water moccasin skeleton (D:4)
  A howler monkey (D:5)
  A hound (D:5)
  Jessica (D:2)
  2 iguanas (D:5)
  2 orc wizards
  4 gnolls
  5 adders
  2 river rats (D:5)
  2 worms
  2 dart slugs
  7 orcs
  9 ball pythons
  3 bats (D:2)
  5 endoplasms
  5 giant cockroaches
  8 hobgoblins
  2 jackals (D:1)
  7 kobolds
  2 quokkas
  A frilled lizard (D:1)
  4 goblins
  5 rats
81 creatures vanquished.

Vanquished Creatures (others)
  2 plants (D:4)
2 creatures vanquished.

Grand Total: 83 creatures vanquished

Notes
Turn   | Place    | Note
-------+----------+-------------------------------------------
     0 | D:1      | Bruhh the Gargoyle Earth Elementalist began the quest for
                  | the Orb.
     0 | D:1      | Reached XP level 1. HP: 10/10 MP: 3/3
   178 | D:1      | Reached skill level 4 in Earth Magic
   178 | D:1      | Reached XP level 2. HP: 9/15 MP: 1/5
   361 | D:1      | Found a faded altar of an unknown god.
   436 | D:1      | You fall into a shaft and drop 1 floor!
   636 | D:2      | Noticed Jessica
   638 | D:2      | Killed Jessica
   639 | D:2      | Reached XP level 3. HP: 19/19 MP: 4/7
   702 | D:2      | Found a hide-covered altar of Uskayaw.
   749 | D:2      | Reached XP level 4. HP: 18/24 MP: 0/8
  1439 | D:1      | Reached skill level 5 in Earth Magic
  2146 | D:3      | Reached XP level 5. HP: 25/28 MP: 7/10
  2150 | D:3      | Learned a level 3 spell: Stone Arrow
  2287 | D:3      | Found Diadd's Book Emporium.
  2414 | D:3      | Identified the +0 pair of boots "Damnable Contraption"
                  | {rPois Stlth+}
  2766 | D:4      | Reached skill level 1 in Conjurations
  3148 | D:4      | Reached XP level 6. HP: 23/32 MP: 12/12
  3157 | D:4      | Reached skill level 6 in Earth Magic
  3443 | D:4      | Found a glowing golden altar of the Shining One.
  3610 | D:5      | Entered Level 5 of the Dungeon
  3661 | D:5      | Found a glowing drain.
  4512 | D:5      | Identified the +5 quarterstaff of the Blessed Realm
                  | {protect, *Noise rElec rF+++ Str+5}
  4541 | D:5      | HP: 1/32 [something/puff of flame (5)]
  4543 | D:5      | Gained mutation: You are dopey. (Int -2) [potion of
                  | mutation]
  4554 | D:5      | HP: 1/48 [something (3)]
  4563 | D:5      | Slain by an orc wizard

Illustrated notes

Levels and vault maps discovered:
D:1:      amcnicky_arrival_single_pillar, layout_rooms, basic_ecumenical_altar,
          nicolae_concentric_dashed_squares_mild
D:2:      layout_basic, basic_altar, uniq_jessica
D:3:      layout_loops_cross, serial_shops, shop
D:4:      kennysheep_six_static_rooms, layout_rooms, tso_oasis_becter,
          grunt_decor_arrowhead
D:5:      layout_layer_cave, portal_sewer_entry_a

Skill      XL: |  1  2  3  4  5  6 |
---------------+-------------------+-----
Earth Magic    | 4 5 6 |  6.0
Spellcasting   | 3 4 |  4.7
Conjurations   | 1 3 |  3.2
Dodging        | |  1.5
Stealth        | |  2.1
Transmutations | |  0.7

Action                   |  1- 3 |  4- 6 || total
-------------------------+-------+-------++-------
Melee: Unarmed           |    24 |    24 ||    48
       Punch             |     1 |       ||     1
       Demon trident     |       |    56 ||    56
Throw: Stone             |       |     3 ||     3
 Cast: Sandblast         |    29 |    74 ||   103
  Use: Potion            |       |     5 ||     5
 Stab: Sleeping          |       |     5 ||     5
Armor: Robe              |    12 |    45 ||    57
Dodge: Dodged            |    28 |    63 ||    91
